 Dungeon Crawl Stone Soup version 0.31-a0-700-gf13585253f (webtiles) character file.

Game seed: 4068645233195487898

830 qw the Skirmisher (level 7, -2/44 HPs)
             Began as a Gargoyle Hunter on Sept 7, 2023.
             Was an Initiate of Okawaru.
             Slain by an orc
             ... wielding a +0 hand axe
              (4 damage)
             ... on level 5 of the Dungeon.
             The game lasted 00:01:54 (4429 turns).

qw the Skirmisher (Gargoyle Hunter)                 Turns: 4429, Time: 00:01:55

Health: -2/44      AC: 16    Str: 14    XL:     7   Next: 97%
Magic:  7/7        EV: 11    Int: 10    God:    Okawaru [......]
Gold:   316        SH:  0    Dex: 15    Spells: 6/6 levels left

rFire   . . .        Y - +1 shortbow
rCold   . . .        (shield currently unavailable)
rNeg    + . .        m - +3 ring mail
rPois   inf          l - +1 helmet
rElec   +            c - scarf {repulsion}
rCorr   .            (no gloves)
SInv    .            d - +0 pair of boots
Will    .....        (no amulet)
Stlth   +            (no ring)
HPRegen 0.27/turn    (no ring)
MPRegen 0.10/turn

%: repel missiles
@: no status effects
A: sickness immunity, AC +4, negative energy resistance 1, electricity
resistance, torment resistance 1, petrification resistance
a: Renounce Religion


You were on level 5 of the Dungeon.
You worshipped Okawaru.
Okawaru was noncommittal.
You visited 2 branches of the dungeon, and saw 6 of its levels.

You collected 316 gold pieces.


Innate Abilities, Weirdness & Mutations

You are immune to sickness and miasma.
Your stone body is resilient. (AC +4)
You are immune to poison.
You resist negative energy. (rN+)
You are resistant to electric shocks. (rElec)
You are resistant to unholy torment.
You are immune to petrification.


   Skills:
 + Level 4.5 Fighting
 - Level 8.2 Ranged Weapons
 - Level 3.1 Armour
 - Level 1.5 Dodging
 - Level 1.1 Stealth


You had 6 spell levels left.
You didn't know any spells.
Your spell library was empty.

Inventory:

Hand Weapons
 Y - a +1 shortbow (weapon)
Armour
 c - a scarf of repulsion (worn)
 d - a +0 pair of boots (worn)
 l - a +1 helmet (worn)
 m - a +3 ring mail (worn)
Potions
 b - a potion of enlightenment {unknown}
 e - 4 potions of curing
 g - a potion of heal wounds {unknown}
 h - 2 potions of attraction {unknown}
 j - a potion of mutation {unknown}
 k - a potion of cancellation {unknown}

Dungeon Overview and Level Annotations

Branches:
Dungeon (5/15)             Temple (1/1) D:5

Altars:
Ashenzari
Cheibriados
Dithmenos
Elyvilon
Fedhas
Gozag
Hepliaklqana
Kikubaaqudgha
Makhleb
Okawaru
Qazlal
Ru
Sif Muna
Uskayaw
Vehumet
Xom
Yredelemnul
Zin

Annotations:
D:3 1 transporter, 1 runed translucent door, Crazy Yiuf; qw's ghost, amateur GrHu


Message History

You shoot an arrow. The arrow barely misses the orc priest.
The orc priest misses you.
You shoot an arrow. The arrow hits the orc priest!
The orc priest is heavily wounded.
You shoot an arrow. The arrow hits the orc priest.
The orc priest is severely wounded.
The orc priest calls down the wrath of Beogh upon you.
Beogh smites you! The orc wizard closely misses you.
The orc wizard hits you but does no damage.
The orc priest completely misses you.
You shoot an arrow. The arrow barely misses the orc priest.
The orc wizard completely misses you.
The orc wizard hits you with a +2 dagger of speed.
The orc priest calls down the wrath of Beogh upon you.
Beogh smites you!
You shoot an arrow.
The arrow hits the orc priest but does no damage.
The orc priest is severely wounded.
The orc wizard hits you but does no damage.
The orc priest hits you with a +0 mace. The orc wizard barely misses you.
You shoot an arrow. The arrow hits the orc priest.
The orc priest is almost dead.
The orc wizard hits you with a +2 dagger of speed.
The orc priest hits you but does no damage.
You shoot an arrow.
The arrow closely misses the orc priest.
The orc wizard barely misses you.
The orc priest calls down the wrath of Beogh upon you.
Pain shoots through your body!
The orc wizard hits you but does no damage.
You shoot an arrow. The arrow hits the orc priest!
You kill the orc priest!
Okawaru accepts your kill.
You shoot an arrow. The arrow barely misses the orc wizard.
The orc wizard closely misses you. The orc hits you but does no damage.
The orc wizard hits you but does no damage.
You shoot an arrow.
The arrow hits the orc wizard but does no damage.
The orc hits you with a +0 hand axe.
You die...

#### .... ~~~.
########## ~)~.
#.....(..# ~~~.#
#.######.# ....##.
#.# #.# ##..... #.#
##.## ##..#####.#
#.oo##
.......##.####.#@#.#
..............##.##.#
##.##.#..##.#....# o#
......#.....#..### .o
##.#....##...... ..#
...#.##....##.#. ...
##......##....# ..#.
...##.>....#... #...
.#......##.#..#


You could see an orc wizard and an orc.

Vanquished Creatures
  A black bear (D:5)
  An ogre (D:4)
  2 scorpions (D:4)
  A hound (D:4)
  3 orc priests
  2 orc wizards (D:3)
  3 iguanas
  Robin (D:4)
  7 gnolls
  8 adders
  A shadow imp (D:4)
  2 worms
  5 dart slugs
  18 orcs
  8 endoplasms
  5 giant cockroaches
  16 goblins
  6 hobgoblins
  2 jackals (D:2)
  5 kobolds
  3 quokkas
  9 ball pythons
  8 bats
  2 frilled lizards
  6 rats
125 creatures vanquished.

Notes
Turn   | Place    | Note
-------+----------+-------------------------------------------
     0 | D:1      | qw the Gargoyle Hunter began the quest for the Orb.
     0 | D:1      | Reached XP level 1. HP: 12/12 MP: 1/1
     0 | D:1      | 0 ||| qw: Version: 0.3-a-76-g4403597
     0 | D:1      | 0 ||| qw: Game counter: 510
     0 | D:1      | 0 ||| qw: Melee chars always use a shield: true
     0 | D:1      | 0 ||| qw: God list: Okawaru
     0 | D:1      | 0 ||| qw: Allow faded altars: false
     0 | D:1      | 0 ||| qw: Do Orc after clearing Dungeon:15 true
     0 | D:1      | 0 ||| qw: Do second Lair branch before Depths: true
     0 | D:1      | 0 ||| qw: Lair rune preference: random
     0 | D:1      | 0 ||| qw: Goals: Normal
     0 | D:1      | 0 ||| PLANNING D:1-11
   209 | D:1      | Reached XP level 2. HP: 11/17 MP: 2/2
   833 | D:1      | 833 ||| UPGRADING to +0 pair of boots.
   838 | D:1      | 838 ||| UPGRADING to amulet of guardian spirit.
   843 | D:1      | 843 ||| READING scroll labelled BUKURPH HAMN.
   844 | D:1      | 844 ||| READING scroll labelled WOBEM GICLO.
   845 | D:1      | 845 ||| READING scroll labelled BEOVVANURYR.
   846 | D:1      | 846 ||| DROPPING scroll of butterflies.
   885 | D:2      | Reached XP level 3. HP: 21/21 MP: 3/3
   914 | D:2      | 914 ||| RETREATING.
   925 | D:2      | 925 ||| Stepping ~*~*~tactically~*~*~ (retreating).
   927 | D:2      | 927 ||| Stepping ~*~*~tactically~*~*~ (retreating).
   931 | D:2      | Reached skill level 5 in Ranged Weapons
   941 | D:2      | HP: 3/22 [gnoll/+0 spear (4)]
   943 | D:2      | Reached XP level 4. HP: 5/27 MP: 1/4
  1041 | D:2      | Reached skill level 3 in Fighting
  1806 | D:2      | 1806 ||| READING scroll labelled ZADGHY MAWKE.
  1807 | D:2      | 1807 ||| READING scroll labelled WOBRITY GITAT.
  1827 | D:2      | 1827 ||| READING scroll labelled PICKIS JINNOAD.
  1828 | D:2      | 1828 ||| READING scroll labelled TEIZEZ YNARPH.
  1829 | D:2      | 1829 ||| DRINKING 4 silvery potions.
  1853 | D:3      | Noticed an ogre
  1853 | D:3      | Noticed qw's ghost (amateur GrHu)
  1853 | D:3      | Found a transporter.
  1860 | D:3      | Identified the +7 dire flail of the Tired Servitors {speed,
                  | Will+ Str+6}
  1860 | D:3      | Noticed an ogre
  1878 | D:3      | Reached XP level 5. HP: 32/32 MP: 5/5
  1932 | D:3      | 1932 ||| RETREATING.
  1936 | D:3      | 1936 ||| Stepping ~*~*~tactically~*~*~ (retreating).
  1941 | D:3      | Reached skill level 6 in Ranged Weapons
  1956 | D:3      | Reached skill level 1 in Armour
  1962 | D:3      | HP: 2/32 [something/puff of flame (9)]
  2114 | D:3      | Reached XP level 6. HP: 24/38 MP: 3/6
  2184 | D:3      | Found a blossoming altar of Fedhas.
  2344 | D:3      | Found an ancient bone altar of Kikubaaqudgha.
  2383 | D:3      | Found a runed translucent door.
  2384 | D:3      | Noticed Crazy Yiuf
  2470 | D:3      | Found a burning altar of Makhleb.
  2470 | D:3      | Noticed a blizzard demon
  2761 | D:3      | 2761 ||| UPGRADING to +0 ring mail.
  2771 | D:3      | 2771 ||| DROPPING +0 leather armour.
  2772 | D:3      | 2772 ||| UPGRADING to +3 ring mail.
  2782 | D:3      | 2782 ||| DROPPING +0 ring mail.
  2783 | D:3      | 2783 ||| READING 2 scrolls labelled IHYFFUVIDGH.
  2784 | D:3      | 2784 ||| READING scroll labelled HOMEBU SOIG.
  2785 | D:3      | 2785 ||| READING scroll labelled ZETWAGGUYNYA.
  2786 | D:3      | 2786 ||| DROPPING scroll of fog.
  2805 | D:4      | Noticed a +0 short sword
  2805 | D:4      | Noticed a +0 spear
  2805 | D:4      | Noticed a +0 dagger
  2805 | D:4      | Noticed a +0 falchion
  2806 | D:4      | Noticed a +0 spear
  2807 | D:4      | Noticed a +0 short sword
  2808 | D:4      | Noticed a +0 dagger
  2808 | D:4      | Noticed a +0 falchion
  2817 | D:4      | Found a hide-covered altar of Uskayaw.
  2971 | D:4      | Reached skill level 7 in Ranged Weapons
  3029 | D:4      | Identified the +1 robe of the Game of Life {Harm Int+3}
  3184 | D:4      | Reached XP level 7. HP: 43/43 MP: 7/7
  3499 | D:4      | 3499 ||| Stepping ~*~*~tactically~*~*~ (outnumbered).
  3508 | D:4      | Noticed Robin
  3509 | D:4      | 3509 ||| Stepping ~*~*~tactically~*~*~ (outnumbered).
  3523 | D:4      | Killed Robin
  3529 | D:4      | HP: 8/43 [gnoll/+0 spear (3)]
  3534 | D:4      | HP: 4/43 [gnoll/+0 spear (2)]
  3553 | D:4      | HP: 7/43 [hobgoblin[Robin] (2)]
  3708 | D:4      | Found a shadowy altar of Dithmenos.
  3755 | D:4      | Reached skill level 8 in Ranged Weapons
  3943 | D:4      | 3943 ||| DROPPING +1 robe of the Game of Life {Harm Int+3}.
  3944 | D:4      | 3944 ||| UPGRADING to scarf of repulsion.
  3949 | D:4      | 3949 ||| UPGRADING to +1 helmet.
  3954 | D:4      | 3954 ||| DRINKING 2 dark potions.
  3955 | D:4      | 3955 ||| DROPPING potion of invisibility.
  4005 | D:5      | Entered Level 5 of the Dungeon
  4073 | D:5      | Reached skill level 3 in Armour
  4324 | D:5      | Found a staircase to the Ecumenical Temple.
  4325 | D:5      | 4325 ||| PLANNING TEMPLE
  4335 | Temple   | Found a transporter.
  4335 | Temple   | Found a transporter.
  4335 | Temple   | Found a transporter.
  4335 | Temple   | Found a transporter.
  4335 | Temple   | Entered the Ecumenical Temple
  4336 | Temple   | 4336 ||| PLANNING D:1-11
  4346 | Temple   | 4346 ||| PLANNING OKAWARU WORSHIP
  4353 | Temple   | Became a worshipper of Warmaster Okawaru
  4354 | Temple   | 4354 ||| PLANNING D:1-11
  4354 | Temple   | 4354 ||| REMOVING amulet of guardian spirit.
  4359 | Temple   | 4359 ||| DROPPING amulet of guardian spirit.
  4416 | D:5      | 4416 ||| Stepping ~*~*~tactically~*~*~ (outnumbered).
  4417 | D:5      | 4417 ||| Stepping ~*~*~tactically~*~*~ (outnumbered).
  4423 | D:5      | HP: 9/44 [orc priest/divine providence (11)]
  4426 | D:5      | HP: 1/44 [orc priest/nerve-wracking pain (6)]
  4429 | D:5      | Slain by an orc

Levels and vault maps discovered:
D:1:      dpeg_arrival_round_c, layout_basic
D:2:      layout_loops_ring, serial_bayou, serial_bayou_pond_b,
          serial_bayou_shore_b, serial_bayou_crossing, serial_bayou_shore_a,
          serial_park_tiny_pond
D:3:      layout_basic, makhleb_altar_promises_db, fedhas_ov_isle_minmay,
          general_overflow_altar, gammafunk_ghost_smash, serial_forest,
          infiniplex_forest_diagonal, infiniplex_forest_lined_3_way,
          infiniplex_forest_clump_small, infiniplex_forest_lined_room_2,
          infiniplex_forest_clump_small, infiniplex_forest_straight_2,
          infiniplex_forest_straight_5, infiniplex_forest_lined_2,
          infiniplex_forest_lined_1, uniq_crazy_yiuf_cottage
D:4:      layout_basic, amcnicky_altar_gilded, nicolae_uskayaw_en_pointe,
          uniq_robin
D:5:      layout_loops_ring, nicolae_tso_swordbearing_angel,
          minmay_temple_entry_ruins, hex_tiny, hex_medium,
          corexii_item_surrounded_by_moat
Temple:   hellmonk_temple_divided_pantheon

Skill      XL: |  1  2  3  4  5  6  7 |
---------------+----------------------+-----
Ranged Weapons | 5 6 7 8 |  8.2
Fighting       | 3 4 |  4.5
Armour         | 1 3 |  3.1
Dodging        | |  1.5
Stealth        | |  1.1

Action                     |  1- 3 |  4- 6 |  7- 9 || total
---------------------------+-------+-------+-------++-------
   Fire: Shortbow          |    70 |   230 |   146 ||   446
    Use: Scroll            |     3 |     7 |       ||    10
         Potion            |       |     1 |     1 ||     2
 Armour: Leather armour    |    27 |    35 |       ||    62
         Ring mail         |       |    26 |    74 ||   100
  Dodge: Dodged            |    26 |    68 |    51 ||   145

Table legend:
 A = Non-vault XP
 B = Vault XP
 C = Vault XP percentage of total XP
 D = Non-vault monster count
 E = Vault monster count
 F = Vault count percentage of total count
                 A         B        C        D         E       F
            +---------+---------+-------+---------+---------+-------
      Total |    1132 |      55 |   4.6 |     109 |      16 |  12.8
            +---------+---------+-------+---------+---------+-------
        D:1 |      20 |       0 |   0.0 |      15 |       0 |   0.0
        D:2 |     124 |      16 |  11.4 |      32 |       3 |   8.6
        D:3 |     233 |       0 |   0.0 |      26 |       0 |   0.0
        D:4 |     507 |      39 |   7.1 |      28 |      13 |  31.7
        D:5 |     248 |       0 |   0.0 |       8 |       0 |   0.0
            +---------+---------+-------+---------+---------+-------
